 Dungeon Crawl Stone Soup version 0.25-a0-100-g33052ceff8 (console) character file.

Game seed: 15511772338706520747, levelgen mode: deterministic

258 Kagalorn the Conjurer (level 6, -4/47 HPs)
             Began as a Gnoll Wanderer on Nov 15, 2019.
             Slain by a gnoll
             ... wielding a +0 flail
              (5 damage)
             ... on level 2 of the Dungeon.
             The game lasted 00:06:51 (3156 turns).

Kagalorn the Conjurer (Gnoll Wanderer)              Turns: 3156, Time: 00:06:52

Health: -4/47      AC:  5    Str: 19    XL:     6   Next: 16%
Magic:  8/8        EV: 12    Int: 15    God:
Gold:   108        SH:  4    Dex: 14    Spells: 8/8 levels left

rFire    . . .     SeeInvis .   a - +2 mace
rCold    . . .     Gourm    .   l - +0 buckler
rNeg     . . .     Faith    .   c - +0 robe
rPois    .         Spirit   .   (no helmet)
rElec    .         Reflect  .   (no cloak)
rCorr    .         Harm     .   h - +2 pair of gloves {Str+3}
MR       .....                  (no boots)
Stlth    +++.......             (no amulet)
HPRegen  0.15/turn              (no ring)
MPRegen  0.11/turn              (no ring)

@: no status effects
A: distributed training, fangs 1, strong nose
a: no special abilities


You were on level 2 of the Dungeon.
You were very hungry.

You visited 1 branch of the dungeon, and saw 3 of its levels.

You collected 108 gold pieces.

Inventory:

Hand Weapons
 a - a +2 mace (weapon)
 w - a +0 quarterstaff
Missiles
 d - 38 bolts
 m - 43 stones
 v - 4 javelins (quivered)
 x - 13 sling bullets
Armour
 c - a +0 robe (worn)
 h - a +2 pair of gloves of strength (worn)
 l - a +0 buckler (worn)
 o - a +1 leather armour of magic resistance
Jewellery
 e - an uncursed amulet of regeneration {unknown}
 i - an uncursed ring of protection from cold {unknown}
 r - an uncursed ring of ice {unknown}
Wands
 q - a wand of flame (6)
Scrolls
 b - a scroll of teleportation
 n - a scroll of fear {unknown}
 p - 2 scrolls of remove curse {unknown}
 s - 4 scrolls of identify {unknown}
 t - a scroll of blinking {unknown}
Potions
 g - 3 potions of mutation {unknown}
 j - a potion of flight {unknown}
 k - a potion of resistance {unknown}
 u - 2 potions of haste {unknown}
Comestibles
 f - 5 rations


   Skills:
 + Level 3.1 Fighting
 + Level 1.8 Short Blades
 + Level 1.8 Long Blades
 + Level 1.8 Axes
 + Level 4.9 Maces & Flails
 + Level 1.8 Polearms
 + Level 1.8 Staves
 + Level 1.8 Slings
 + Level 1.8 Bows
 + Level 1.8 Crossbows
 + Level 1.8 Throwing
 + Level 1.8 Armour
 + Level 1.8 Dodging
 + Level 4.5 Stealth
 + Level 1.8 Shields
 + Level 1.8 Unarmed Combat
 + Level 1.8 Spellcasting
 + Level 5.6 Conjurations
 + Level 1.4 Hexes
 + Level 4.0 Charms
 + Level 1.4 Summonings
 + Level 1.4 Necromancy
 + Level 1.4 Translocations
 + Level 1.4 Transmutations
 + Level 1.4 Fire Magic
 + Level 1.4 Ice Magic
 + Level 1.4 Air Magic
 + Level 1.4 Earth Magic
 + Level 1.4 Poison Magic
 + Level 2.0 Invocations
 + Level 1.8 Evocations


You had 8 spell levels left.
You didn't know any spells.
Your spell library was empty.

Dungeon Overview and Level Annotations

Branches:
Dungeon (3/15)

Altars:


Innate Abilities, Weirdness & Mutations

Your experience applies equally to all skills.
You have very sharp teeth.
Your uncanny sense of smell can sniff out nearby items.


Message History

The adder closely misses you. The leopard gecko barely misses you.
The gnoll barely misses you. x2; The adder bites you but does no damage.
You climb upwards.
There is a stone staircase leading down here.
You completely miss the gnoll.
The gnoll is lightly wounded.
The gnoll misses you. The gnoll hits you with a +0 flail.
You hit the gnoll.
The gnoll is heavily wounded.
The gnoll misses you. The gnoll hits you with a +0 flail!
* * * LOW HITPOINT WARNING * * *
The gnoll barely misses you.
You sock the gnoll!
You kill the gnoll!
The gnoll hits you with a +0 flail.
* * * LOW HITPOINT WARNING * * *
You block the leopard gecko's attack.
You miss the leopard gecko. Your bite misses the leopard gecko.
The gnoll hits you with a +0 flail.
You die...

###..#...#...#..##
##.##.##.##
..##..#.#†#.#..##
#.....###.#
.####..#...#..##
#..#####.## .#
##..[.†..### #.#.###.##
.# ##########.#
#.##.#.## .#
#...##.....# #.###.##
.####..........# #.# ###
........###..#.#######.#
#######.###...Sg@l.....#
#........#########
##########


You could see a gnoll, an adder and a leopard gecko.

Vanquished Creatures
  An ogre (D:2)
  An orc priest (D:2)
  Ijyb (D:3)
  A gnoll (D:2)
  An adder (D:2)
  A shadow imp (D:3)
  An ooze (D:2)
  A dart slug (D:2)
  4 worms
  2 leopard geckos (D:2)
  2 orcs
  5 bats
  4 giant cockroaches
  5 goblins
  6 hobgoblins
  12 jackals
  7 kobolds
  A ball python (D:1)
  6 frilled lizards
  6 rats
68 creatures vanquished.

Notes
Turn   | Place    | Note
-------+----------+-------------------------------------------
     0 | D:1      | Kagalorn the Gnoll Wanderer began the quest for the Orb.
     0 | D:1      | Kagalorn set off with the following items: a +2 mace, a
                  | scroll of teleportation, a +0 robe, a +0 dagger, a ration
     0 | D:1      | Reached XP level 1. HP: 17/17 MP: 1/1
   116 | D:1      | Reached XP level 2. HP: 23/23 MP: 2/2
   510 | D:1      | Reached XP level 3. HP: 28/28 MP: 3/3
   794 | D:2      | Reached skill level 1 in Invocations
   884 | D:2      | Reached skill level 1 in Short Blades
   884 | D:2      | Reached skill level 1 in Long Blades
   884 | D:2      | Reached skill level 1 in Axes
   884 | D:2      | Reached skill level 1 in Polearms
   884 | D:2      | Reached skill level 1 in Staves
   884 | D:2      | Reached skill level 1 in Slings
   884 | D:2      | Reached skill level 1 in Bows
   884 | D:2      | Reached skill level 1 in Crossbows
   884 | D:2      | Reached skill level 1 in Throwing
   884 | D:2      | Reached skill level 1 in Armour
   884 | D:2      | Reached skill level 1 in Dodging
   884 | D:2      | Reached skill level 1 in Shields
   884 | D:2      | Reached skill level 1 in Unarmed Combat
   884 | D:2      | Reached skill level 1 in Spellcasting
   884 | D:2      | Reached skill level 1 in Evocations
   965 | D:2      | Reached XP level 4. HP: 30/34 MP: 5/5
  1956 | D:2      | Reached skill level 1 in Hexes
  1956 | D:2      | Reached skill level 1 in Summonings
  1956 | D:2      | Reached skill level 1 in Necromancy
  1956 | D:2      | Reached skill level 1 in Translocations
  1956 | D:2      | Reached skill level 1 in Transmutations
  1956 | D:2      | Reached skill level 1 in Fire Magic
  1956 | D:2      | Reached skill level 1 in Ice Magic
  1956 | D:2      | Reached skill level 1 in Air Magic
  1956 | D:2      | Reached skill level 1 in Earth Magic
  1956 | D:2      | Reached skill level 1 in Poison Magic
  1956 | D:2      | Reached XP level 5. HP: 10/40 MP: 6/6
  2207 | D:3      | Noticed an ogre
  2214 | D:3      | Noticed Ijyb
  2231 | D:2      | Killed an ogre
  2444 | D:3      | Killed Ijyb
  2444 | D:3      | Reached XP level 6. HP: 15/47 MP: 8/8
  3155 | D:2      | HP: 1/47 [gnoll/+0 flail (4)]
  3156 | D:2      | Slain by a gnoll

Levels and vault maps discovered:
D:1:      sevenhm_arrival_forest_fort_small_3, layout_basic,
          serial_corexii_hall, corexii_hall_statues_t, corexii_hall_statues_x
D:2:      layout_loops_corners, first_ration, kennysheep_cluttered_room
D:3:      layout_basic, gammafunk_ghost_mausoleum, uniq_ijyb, uniq_terence

Skill      XL: |  1  2  3  4  5 |
---------------+----------------+-----
Invocations    | 1 2 |  2.0
Short Blades   | 1 |  1.8
Long Blades    | 1 |  1.8
Axes           | 1 |  1.8
Polearms       | 1 |  1.8
Staves         | 1 |  1.8
Slings         | 1 |  1.8
Bows           | 1 |  1.8
Crossbows      | 1 |  1.8
Throwing       | 1 |  1.8
Armour         | 1 |  1.8
Dodging        | 1 |  1.8
Shields        | 1 |  1.8
Unarmed Combat | 1 |  1.8
Spellcasting   | 1 |  1.8
Evocations     | 1 |  1.8
Hexes          | 1 |  1.4
Summonings     | 1 |  1.4
Necromancy     | 1 |  1.4
Translocations | 1 |  1.4
Transmutations | 1 |  1.4
Fire Magic     | 1 |  1.4
Ice Magic      | 1 |  1.4
Air Magic      | 1 |  1.4
Earth Magic    | 1 |  1.4
Poison Magic   | 1 |  1.4
Fighting       | 3 |  3.1
Charms         | 4 |  4.0
Maces & Flails | |  4.9
Stealth        | |  4.5
Conjurations   | |  5.6

Action                   |  1- 3 |  4- 6 || total
-------------------------+-------+-------++-------
Melee: Mace              |   100 |    81 ||   181
       Bite              |     9 |    10 ||    19
Throw: Javelin           |       |     5 ||     5
       Stone             |       |     1 ||     1
 Stab: Sleeping          |     5 |     4 ||     9
  Eat: Chunk             |       |     6 ||     6
Armor: Robe              |    28 |    17 ||    45
Dodge: Dodged            |    44 |    56 ||   100
Block: Buckler           |     8 |    12 ||    20

Table legend:
 A = Non-vault XP
 B = Vault XP
 C = Vault XP percentage of total XP
 D = Non-vault monster count
 E = Vault monster count
 F = Vault count percentage of total count
                 A         B        C        D         E       F
            +---------+---------+-------+---------+---------+-------
      Total |     333 |      36 |   9.8 |      67 |       1 |   1.5
            +---------+---------+-------+---------+---------+-------
        D:1 |      46 |       0 |   0.0 |      27 |       0 |   0.0
        D:2 |     264 |       0 |   0.0 |      35 |       0 |   0.0
        D:3 |      23 |      36 |  61.0 |       5 |       1 |  16.7
            +---------+---------+-------+---------+---------+-------
